 Dungeon Crawl Stone Soup version 0.29.0-4-gdea44cf6ec (webtiles) character file.

Game seed: 14390426195265485638

333 qw the Chopper (level 6, 0/38 HPs)
             Began as a Gargoyle Delver on Sept 10, 2022.
             Slain by an ogre
             ... wielding a +0 giant spiked club
              (15 damage)
             ... on level 5 of the Dungeon.
             The game lasted 00:01:47 (6057 turns).

qw the Chopper (Gargoyle Delver)                    Turns: 6057, Time: 00:01:47

Health: 0/38       AC: 10    Str: 18    XL:     6   Next: 52%
Magic:  6/6        EV: 11    Int: 10    God:
Gold:   159        SH:  0    Dex: 11    Spells: 5/5 levels left

rFire   . . .      SeeInvis .   Y - +1 hand axe
rCold   . . .      Faith    .   (no shield)
rNeg    + . .      Spirit   .   i - +0 ring mail
rPois   inf        Reflect  .   b - +0 helmet
rElec   +          Harm     .   (no cloak)
rCorr   .          Rampage  .   (no gloves)
Will    .....                   (no boots)
Stlth   ++........              (no amulet)
HPRegen 0.12/turn               (no ring)
MPRegen 0.10/turn               (no ring)

@: no status effects
A: sickness immunity, AC +4, negative energy resistance 1, electricity
resistance, torment resistance 1, petrification resistance
a: no special abilities


You were on level 5 of the Dungeon.
You visited 1 branch of the dungeon, and saw 5 of its levels.

You collected 159 gold pieces.


Innate Abilities, Weirdness & Mutations

You are immune to sickness and miasma.
Your stone body is resilient. (AC +4)
You are immune to poison.
You resist negative energy. (rN+)
You are resistant to electric shocks. (rElec)
You are resistant to unholy torment.
You are immune to petrification.


   Skills:
 - Level 4.0 Fighting
 + Level 5.6 Axes
 - Level 1.1 Armour
 - Level 1.5 Dodging
 - Level 5.4 Stealth


You had 5 spell levels left.
You didn't know any spells.
Your spell library was empty.

Inventory:

Hand Weapons
 d - a +0 morningstar of protection
 Y - a +1 hand axe (weapon)
Armour
 b - a +0 helmet (worn)
 i - a +0 ring mail (worn)
Wands
 g - a wand of digging (3)
Scrolls
 a - 3 scrolls of identify
Potions
 c - a potion of heal wounds
 e - a potion of berserk rage {unknown}
 f - 2 potions of haste
 h - 3 potions of might

Dungeon Overview and Level Annotations

Branches:
Dungeon (5/15)
 Temple: D:4-7

Altars:
Ashenzari
Trog

Annotations:
D:5 Blork the orc


Message History

You hit the orc but do no damage.
You hear a shout! x2
The orc hits you but does no damage.
You hit the orc but do no damage. The orc hits you but does no damage.
You barely miss the orc. The orc hits you with a +0 flail.
Blork the orc comes into view.
He is wielding a +0 trident.
You hit the orc.
The orc is heavily wounded.
The orc closely misses you.
You hit the orc but do no damage.
The orc is heavily wounded.
The orc misses you.
You barely miss the orc.
The orc is heavily wounded.
You hit the ogre. The orc barely misses you. The ogre barely misses you.
Blork the orc casts a spell.
Blork the orc seems to speed up.
You closely miss the orc.
The orc is heavily wounded.
You barely miss the ogre. The orc barely misses you.
The ogre hits you with a +0 giant spiked club!
You barely miss the orc.
The orc is heavily wounded.
You completely miss the ogre. Blork the orc barely misses you.
The orc hits you with a +0 flail.
You hit the orc.
You kill the orc!
You hit the ogre.
Blork the orc gestures at you while chanting.
The puff of frost misses you. The ogre closely misses you.
Blork the orc closely misses you.
You hit the ogre but do no damage.
The ogre is moderately wounded.
Blork the orc closely misses you.
The ogre hits you with a +0 giant spiked club!
You die...

o. ....$ ... ....#
#..# #... #..###..
#...#.### ......
####oo## #. #..O)).#
#.###...@..#
#..##......#
#..#.....###
#########..#...###
.......#...#..##
.........#.#.######
.........#..........
...........#..######
.........####.#


You could see Blork the orc (fast), an ogre and an orc.

Vanquished Creatures
  An ice beast (D:5)
  3 hounds (D:4)
  A jelly (D:4)
  Robin (D:3)
  2 adders
  A worm (D:3)
  3 dart slugs
  5 orcs
  5 ball pythons
  8 bats
  6 endoplasms
  6 giant cockroaches
  7 hobgoblins
  2 jackals (D:1)
  A frilled lizard (D:2)
  13 goblins
  5 kobolds
  6 rats
76 creatures vanquished.

Notes
Turn   | Place    | Note
-------+----------+-------------------------------------------
     0 | D:5      | qw the Gargoyle Delver began the quest for the Orb.
     0 | D:5      | Reached XP level 1. HP: 14/14 MP: 1/1
     0 | D:5      | 0 ||| qw: Version: 0.1-a-117-gfe26ee0
     0 | D:5      | 0 ||| qw: Game counter: 9623
     0 | D:5      | 0 ||| qw: Always use a shield: true
     0 | D:5      | 0 ||| qw: God list: Okawaru
     0 | D:5      | 0 ||| qw: Allow faded altars: false
     0 | D:5      | 0 ||| qw: Do Orc after D:15 true
     0 | D:5      | 0 ||| qw: Do second Lair branch before Depths: true
     0 | D:5      | 0 ||| qw: Lair rune preference: random
     0 | D:5      | 0 ||| qw: Plans: Normal
     0 | D:5      | 0 ||| PLANNING D:1-11
    29 | D:5      | 29 ||| DROPPING scroll of fog.
    30 | D:5      | 30 ||| DROPPING scroll of magic mapping.
    31 | D:5      | 31 ||| DROPPING scroll of fear.
   174 | D:4      | Found a broken altar of Ashenzari.
   344 | D:4      | Reached XP level 2. HP: 17/19 MP: 2/2
   371 | D:4      | 371 ||| DROPPING +0 mace.
   483 | D:4      | Reached skill level 3 in Axes
   483 | D:4      | Reached XP level 3. HP: 7/23 MP: 3/3
   845 | D:4      | 845 ||| Stepping ~*~*~tactically~*~*~ (stealth).
   911 | D:4      | 911 ||| READING 2 scrolls labelled NYUM VOASEKH.
   954 | D:3      | 954 ||| Stepping ~*~*~tactically~*~*~ (hiding).
  1056 | D:3      | 1056 ||| Stepping ~*~*~tactically~*~*~ (hiding).
  1158 | D:3      | 1158 ||| Stepping ~*~*~tactically~*~*~ (hiding).
  1260 | D:3      | 1260 ||| Stepping ~*~*~tactically~*~*~ (hiding).
  1362 | D:3      | 1362 ||| Stepping ~*~*~tactically~*~*~ (hiding).
  1464 | D:3      | 1464 ||| Stepping ~*~*~tactically~*~*~ (hiding).
  1566 | D:3      | 1566 ||| Stepping ~*~*~tactically~*~*~ (hiding).
  1668 | D:3      | 1668 ||| Stepping ~*~*~tactically~*~*~ (hiding).
  2118 | D:3      | 2118 ||| READING scroll labelled KATA QULAEZ NIOWASS.
  2261 | D:1      | Reached XP level 4. HP: 19/28 MP: 4/4
  2398 | D:1      | Found a faded altar of an unknown god.
  2858 | D:1      | 2858 ||| Stepping ~*~*~tactically~*~*~ (stealth).
  2859 | D:1      | 2859 ||| Stepping ~*~*~tactically~*~*~ (stealth).
  3304 | D:1      | 3304 ||| UPGRADING to +0 ring mail.
  3314 | D:1      | 3314 ||| DROPPING +0 leather armour.
  3315 | D:1      | 3315 ||| READING scroll labelled EHUSARH TUNWYA.
  3316 | D:1      | 3316 ||| READING 2 scrolls labelled IQIFOX ZOSIH.
  3317 | D:1      | 3317 ||| DRINKING 2 yellow potions.
  3318 | D:1      | 3318 ||| DROPPING scroll of butterflies.
  3705 | D:2      | 3705 ||| Stepping ~*~*~tactically~*~*~ (stealth).
  3706 | D:2      | 3706 ||| DROPPING +0 hand axe of holy wrath.
  3718 | D:2      | Reached skill level 1 in Armour
  3970 | D:2      | 3970 ||| READING scroll labelled CEHYIJ VAOGEUSEL.
  3975 | D:2      | 3975 ||| DRINKING 2 fuming green potions.
  4076 | D:2      | 4076 ||| READING 2 scrolls of identify.
  4076 | D:2      | 4076 ||| IDENTIFYING golden potion
  4077 | D:2      | 4077 ||| DROPPING potion of lignification.
  4078 | D:2      | 4078 ||| DROPPING potion of ambrosia.
  4383 | D:3      | Noticed Robin
  4401 | D:3      | Killed Robin
  4402 | D:3      | Reached XP level 5. HP: 23/32 MP: 5/5
  4612 | D:3      | 4612 ||| Stepping ~*~*~tactically~*~*~ (stealth).
  4747 | D:3      | Found a bloodstained altar of Trog.
  5010 | D:3      | 5010 ||| UPGRADING to +0 helmet.
  5453 | D:4      | 5453 ||| Stepping ~*~*~tactically~*~*~ (stealth).
  5459 | D:4      | 5459 ||| Stepping ~*~*~tactically~*~*~ (stealth).
  5507 | D:4      | Reached XP level 6. HP: 38/38 MP: 6/6
  5974 | D:4      | 5974 ||| READING scroll labelled HUMPYI YSKAL.
  5975 | D:4      | 5975 ||| READING 2 scrolls of identify.
  5975 | D:4      | 5975 ||| IDENTIFYING fizzy cyan potion
  5990 | D:5      | Noticed an ice beast
  6006 | D:5      | Killed an ice beast
  6034 | D:5      | 6034 ||| Stepping ~*~*~tactically~*~*~ (stealth).
  6040 | D:5      | 6040 ||| Stepping ~*~*~tactically~*~*~ (stealth).
  6046 | D:5      | 6046 ||| Stepping ~*~*~tactically~*~*~ (stealth).
  6047 | D:5      | 6047 ||| Stepping ~*~*~tactically~*~*~ (stealth).
  6050 | D:5      | Noticed Blork the orc
  6057 | D:5      | Slain by an ogre

Levels and vault maps discovered:
D:1:      dpeg_arrival_shrine, layout_loops_ring, ebering_ecumenical_altar_mist,
          hangedman_decor_diamond_cutter, corexii_corridor_pit
D:2:      layout_loops_cross
D:3:      layout_loops_corners, mainiacjoe_overflow_alcove_1, uniq_robin
D:4:      minmay_general_purpose_star, layout_basic, cheibrodos_ashenzari_chains
D:5:      layout_rooms, overflow_temple_1_default, ebering_ghost_disaster_area,
          grunt_decor_resistance, grunt_tough_drop, uniq_blork_the_orc

Skill      XL: |  1  2  3  4  5  6 |
---------------+-------------------+-----
Axes           | 2 3 4 5 |  5.6
Armour         | 1 |  1.1
Fighting       | 4 |  4.0
Dodging        | |  1.5
Stealth        | |  5.4

Action                   |  1- 3 |  4- 6 || total
-------------------------+-------+-------++-------
Melee: Hand axe          |    87 |   189 ||   276
       Punch             |       |     1 ||     1
  Use: Scroll            |     2 |     6 ||     8
       Potion            |       |     2 ||     2
 Stab: Sleeping          |     1 |     1 ||     2
Armor: Leather armour    |    25 |    17 ||    42
       Ring mail         |       |    75 ||    75
Dodge: Dodged            |    42 |    90 ||   132

Table legend:
 A = Non-vault XP
 B = Vault XP
 C = Vault XP percentage of total XP
 D = Non-vault monster count
 E = Vault monster count
 F = Vault count percentage of total count
                 A         B        C        D         E       F
            +---------+---------+-------+---------+---------+-------
      Total |     444 |      32 |   6.7 |      67 |       9 |  11.8
            +---------+---------+-------+---------+---------+-------
        D:1 |      42 |       0 |   0.0 |      21 |       0 |   0.0
        D:2 |      26 |       0 |   0.0 |      10 |       0 |   0.0
        D:3 |      35 |      27 |  43.5 |      18 |       7 |  28.0
        D:4 |     200 |       5 |   2.4 |      14 |       2 |  12.5
        D:5 |     141 |       0 |   0.0 |       4 |       0 |   0.0
            +---------+---------+-------+---------+---------+-------
